Map: Forgotten Sanctuary

Players

Fixer

  • Race: Protoss Protoss
  • Spawn Location: 6:00

KOVACHEV

  • Race: Terran Terran
  • Spawn Location: 3:00

SirBizlow

  • Race: Protoss Protoss
  • Spawn Location: 6:00

Sceptre

  • Race: Protoss Protoss
  • Spawn Location: 3:00

Ticonderoga - Winner!

  • Race: Protoss Protoss
  • Spawn Location: 9:00

whateverdude - Winner!

  • Race: Zerg Zerg
  • Spawn Location: 12:00

Infamous - Winner!

  • Race: Protoss Protoss
  • League: Gold
  • Spawn Location: 9:00

Jackwagon - Winner!

  • Race: Terran Terran
  • Spawn Location: 12:00

VOD

Have the link to the VOD?

Description

Time

  • Played on: April 20, 2018, 3:13 p.m.
  • Length: 21:49
Show
View Real Time Build Order
Export as new Build Order

Fixer Protoss 

Build Orders:  

Get SALT Encoding   

  12  0:01  Probe  
  13  0:13  Probe  
  14  0:28  Pylon  
  14  0:45  Assimilator  
  14  0:53  Assimilator  
  14  0:54  Probe  
  15  1:03  Pylon  
  15  1:06  Probe  
  16  1:24  Probe  
  17  1:35  Forge  
  17  1:36  Probe  
  18  1:48  Probe  
  19  2:14  Photon Cannon  
  19  2:22  Photon Cannon  
  19  2:26  Gateway  
  19  2:30  Gateway  
  19  2:37  Gateway  
  19  2:40  Pylon  
  19  2:52  Nexus  
  19  3:08  Probe  
  20  3:12  Pylon  
  20  3:20  Probe  
  21  3:33  Photon Cannon  
  21  3:36  Photon Cannon  
  21  3:40  Photon Cannon  
  21  3:46  Pylon  
  21  3:52  Pylon  
  21  3:58  Photon Cannon  
  21  4:12  Assimilator  
  21  4:29  Probe  
  21  4:31  Photon Cannon  
  22  4:39  Pylon  
  22  4:41  Probe  
  22  4:43  Pylon  
  23  4:49  Photon Cannon  
  18  5:13  Pylon  
  18  5:25  Cybernetics Core  
  18  5:42  Photon Cannon  
  18  5:49  Photon Cannon  
  18  5:54  Probe  
  19  6:06  Probe  
  20  6:18  Probe  
  21  6:20  Nexus  
  21  6:23  Shield Battery  
  21  6:41  Shield Battery  
  21  6:57  Stalker x3  
  27  7:02  Probe  
  28  7:08  Shield Battery  
  28  7:14  Protoss Air Weapons Level 1  
  28  7:23  Probe  
  28  7:27  Cybernetics Core  
  29  7:35  Probe  
  30  7:42  Probe, Assimilator  
  31  7:51  Stargate  
  31  7:54  Probe  
  31  7:55  Stalker x3  
  38  8:02  Probe  
  39  8:14  Probe  
  40  8:25  Pylon  
  40  8:50  Photon Cannon  
  40  8:58  Protoss Air Armor Level 1  
  40  9:02  Gateway  
  28  9:25  Stalker x3  
  34  9:36  Stargate  
  34  9:51  Stargate  
  34  9:55  Pylon  
  34  10:08  Warp Gate  
  34  10:19  Robotics Facility  
  34  10:26  Stalker  
  34  10:27  Stalker x2  
  39  10:30  Stalker  
  24  11:08  Void Ray  
  24  11:09  Void Ray  
  32  11:16  Probe, Assimilator  
  33  11:29  Probe  
  34  11:44  Probe  
  35  11:56  Probe  
  27  12:08  Probe  
  24  12:20  Probe  
  25  12:25  Pylon  
  25  12:31  Pylon  
  25  12:37  Nexus  
  25  12:44  Pylon  
  25  12:53  Probe  
  25  12:58  Assimilator  
  26  13:02  Assimilator  
  27  13:07  Pylon  
Show
View Real Time Build Order
Export as new Build Order

KOVACHEV Terran 

Build Orders:  

Get SALT Encoding   

  12  0:06  SCV  
  13  0:18  SCV  
  14  0:31  SCV  
  12  3:44  Supply Depot  
  12  3:53  Command Center  
  12  3:56  Command Center  
  12  3:59  Command Center  
  12  4:05  Command Center  
  12  4:06  Command Center  
  12  4:20  SCV  
  13  4:32  SCV  
  14  4:44  SCV  
  15  4:56  SCV  
  16  5:05  Barracks  
  16  5:06  Barracks  
  16  5:08  Barracks, SCV  
  16  5:10  Barracks  
  16  5:11  Barracks  
  17  5:20  SCV x2  
  19  5:28  SCV  
  20  5:32  SCV x2  
  20  5:34  SCV  
  23  5:43  SCV  
  23  5:44  SCV  
  23  5:48  SCV  
  26  5:56  SCV, Refinery  
  27  6:00  SCV  
  28  6:05  SCV  
  29  6:12  SCV  
  29  6:13  Refinery  
  29  6:15  Refinery  
  29  6:17  Refinery  
  30  6:21  Refinery  
  30  6:23  Refinery  
  30  6:25  SCV  
  27  6:37  SCV  
  28  6:44  Engineering Bay  
  29  6:47  SCV  
  29  6:48  Marine x2  
  29  6:50  Marine  
  29  6:52  Marine  
  33  6:55  Marine  
  33  6:59  SCV  
  36  7:01  SCV  
  36  7:06  Marine  
  36  7:25  Missile Turret  
  36  7:29  Missile Turret  
  36  7:32  Missile Turret  
  36  7:33  Missile Turret x2  
  36  7:36  Missile Turret, SCV  
  37  7:37  Missile Turret  
  37  7:44  SCV  
  38  7:56  SCV  
  39  8:04  SCV  
  39  8:08  SCV  
  39  8:12  SCV  
  41  8:16  SCV  
  42  8:20  SCV  
  42  8:24  SCV  
  44  8:28  SCV  
  44  8:32  SCV  
  46  8:36  SCV  
  46  8:40  SCV  
  48  8:41  Barracks Reactor x5  
  48  8:44  SCV  
  49  8:48  SCV  
  49  8:53  SCV  
  51  8:57  SCV  
  51  9:00  SCV  
  53  9:05  SCV x2  
  53  9:09  SCV  
  56  9:13  SCV  
  57  9:17  SCV x2  
  57  9:23  Barracks  
  59  9:25  SCV  
  59  9:29  Barracks x2, SCV x2  
  63  9:40  Supply Depot x2  
  63  9:41  SCV  
  63  9:42  Supply Depot  
  63  9:43  Supply Depot  
  64  9:45  Orbital Command  
  64  9:49  Orbital Command  
  63  9:53  SCV  
  62  10:18  Factory  
  49  11:27  Barracks Reactor  
  49  11:28  Barracks Reactor  
  49  11:29  Barracks Reactor  
  49  11:32  Barracks Reactor  
  49  11:37  Barracks Reactor  
  49  11:43  Barracks Reactor  
Show
View Real Time Build Order
Export as new Build Order

SirBizlow Protoss 

Build Orders:  

Get SALT Encoding   

  12  0:17  Probe  
  13  0:25  Pylon, Probe  
  13  0:35  Probe  
  15  0:48  Gateway  
  15  0:50  Forge  
  15  0:52  Probe  
  16  1:04  Pylon  
  16  1:08  Probe, Assimilator  
  17  1:25  Photon Cannon  
  17  1:46  Probe  
  18  1:55  Cybernetics Core  
  18  1:58  Probe  
  18  1:59  Gateway  
  19  2:02  Pylon  
  19  2:08  Probe, Assimilator  
  20  2:16  Probe  
  21  2:27  Probe, Protoss Ground Weapons Level 1  
  22  2:30  Warp Gate  
  22  2:52  Stalker  
  24  2:58  Stalker  
  26  3:05  Probe  
  27  3:18  Probe  
  28  3:27  Gateway  
  28  3:29  Gateway  
  28  3:30  Probe  
  28  3:33  Stalker  
  31  3:37  Stalker  
  33  3:42  Probe  
  34  3:54  Probe  
  35  4:07  Nexus  
  35  4:35  Stalker x2  
  39  4:41  Protoss Shields Level 1  
  39  4:46  Pylon  
  39  4:48  Pylon  
  39  4:51  Pylon  
  39  5:25  Stalker x2  
  39  5:26  Stalker x2  
  47  5:36  Probe, Twilight Council  
  47  5:37  Probe  
  49  5:44  Probe  
  49  5:45  Probe  
  51  5:54  Probe x2  
  53  6:06  Probe x2  
  53  6:09  Assimilator  
  55  6:14  Assimilator  
  55  6:17  Stalker  
  55  6:18  Probe x2, Stalker  
  61  6:25  Forge  
  61  6:30  Probe  
  60  6:43  Protoss Ground Armor Level 1  
  54  6:49  Stalker x2  
  54  6:50  Stalker x2  
  54  6:53  Protoss Shields Level 2  
  54  6:54  Blink  
  46  7:17  Stalker x3  
  50  7:32  Stalker  
  52  7:40  Gateway  
  52  7:43  Gateway  
  52  7:47  Stalker x2  
  56  8:03  Stalker x2  
  60  8:21  Stalker x2  
  64  8:36  Protoss Ground Weapons Level 2  
  64  8:44  Stalker x2  
  64  8:45  Stalker x3  
  74  8:53  Probe  
  74  9:01  Probe  
  75  9:02  Stalker  
  78  9:47  Nexus  
  78  9:50  Pylon  
  78  9:52  Pylon  
  78  9:54  Pylon  
  78  10:10  Stalker x6  
  90  10:17  Charge  
  90  10:55  Zealot x2  
  90  10:56  Zealot x4  
  102  11:11  Dark Shrine  
  90  11:30  Zealot  
  90  11:31  Zealot x5  
  64  12:01  Stalker  
  64  12:02  Stalker x5  
Show
View Real Time Build Order
Export as new Build Order

Sceptre Protoss 

Build Orders: Cannon Rush 

Get SALT Encoding   

  12  0:00  Probe  
  13  0:18  Pylon, Probe  
  14  0:33  Probe  
  15  0:40  Forge  
  15  0:44  Assimilator  
  15  0:58  Probe  
  16  1:06  Probe  
  17  1:16  Pylon  
  17  1:18  Photon Cannon  
  17  1:36  Photon Cannon  
  17  1:41  Photon Cannon  
  17  2:10  Pylon  
  17  2:59  Photon Cannon  
  17  3:00  Photon Cannon  
  17  3:02  Photon Cannon  
  17  3:10  Pylon  
  17  3:14  Photon Cannon  
  17  3:19  Photon Cannon  
  17  3:32  Photon Cannon  
  17  3:36  Photon Cannon  
  17  3:40  Photon Cannon  
  17  3:46  Photon Cannon  
  17  3:54  Photon Cannon  
  17  3:58  Pylon  
  17  4:07  Probe  
  18  4:14  Gateway  
  18  4:19  Probe  
  18  4:23  Pylon  
  19  4:31  Probe  
  20  4:32  Photon Cannon  
  20  4:40  Probe  
  21  4:48  Probe  
  21  4:51  Photon Cannon  
  22  5:07  Photon Cannon  
  22  5:17  Cybernetics Core  
  22  5:29  Photon Cannon  
  22  5:32  Photon Cannon  
  22  5:40  Photon Cannon  
  22  5:44  Warp Gate  
  22  5:56  Stalker  
  24  6:10  Pylon  
  24  6:27  Stargate  
  24  6:37  Nexus  
  24  6:39  Stalker  
  26  6:50  Pylon  
  26  6:56  Pylon  
  24  7:11  Void Ray  
  28  7:17  Pylon  
  28  7:22  Assimilator  
  28  7:27  Stalker  
  30  7:33  Probe  
  31  7:42  Assimilator  
  31  7:45  Probe  
  31  7:50  Photon Cannon  
  32  8:04  Void Ray  
  28  8:08  Stalker  
  32  8:26  Probe, Shield Battery  
  33  8:34  Probe  
  34  8:43  Stalker  
  27  9:08  Stalker  
  24  9:17  Photon Cannon  
  7  9:32  Stalker  
  9  9:49  Probe  
  10  9:57  Probe  
  6  10:05  Probe  
  7  10:13  Photon Cannon  
  8  10:33  Probe  
  9  10:44  Probe  
  10  10:53  Probe  
  11  11:08  Probe  
  12  11:21  Probe  
  13  11:36  Stalker  
  15  11:44  Probe  
  16  11:52  Probe  
  16  12:01  Probe  
  18  12:12  Probe  
  19  12:25  Shield Battery  
  19  12:37  Photon Cannon  
  19  12:39  Pylon  
  19  12:41  Stalker  
  21  12:49  Pylon  
  21  13:00  Photon Cannon, Void Ray  
  21  13:04  Photon Cannon  
  24  13:08  Stalker  
  26  13:16  Protoss Air Armor Level 1  
  26  13:32  Stalker  
  28  13:40  Shield Battery  
  12  13:56  Stalker  
  14  14:09  Void Ray  
  18  14:13  Probe  
  18  14:16  Nexus  
  19  14:18  Protoss Ground Armor Level 1  
  19  14:25  Pylon, Probe  
  19  14:31  Assimilator  
  20  14:38  Probe  
  21  14:39  Pylon  
  21  14:48  Pylon  
  21  14:50  Probe  
  21  14:52  Stalker  
  24  15:00  Photon Cannon  
  24  15:01  Photon Cannon  
  24  15:02  Probe  
  24  15:07  Photon Cannon  
  21  15:09  Shield Battery  
  21  15:12  Photon Cannon  
  21  15:14  Probe  
  21  15:18  Photon Cannon  
  22  15:21  Stargate  
  22  15:22  Fleet Beacon  
  22  15:26  Probe, Pylon  
  23  15:29  Void Ray  
  23  15:34  Photon Cannon  
  27  15:36  Shield Battery  
  27  15:38  Probe  
  28  15:46  Stalker  
  30  15:55  Probe  
  31  15:59  Photon Cannon  
  31  16:02  Shield Battery  
  37  16:16  Tempest  
  40  16:22  Nexus  
  34  16:28  Pylon  
  32  16:35  Pylon  
  32  16:39  Stalker  
  33  16:43  Pylon  
  33  16:49  Photon Cannon  
  33  16:53  Photon Cannon  
  25  17:02  Photon Cannon  
  25  17:05  Photon Cannon  
  9  17:12  Gateway  
  2  17:19  Pylon  
  2  17:24  Pylon  
  1  17:36  Pylon  
  1  18:35  Pylon  
Show
View Real Time Build Order
Export as new Build Order

Ticonderoga Protoss - Winner!

Build Orders: Oracle Opening 

Get SALT Encoding   

  12  0:03  Probe  
  13  0:16  Probe  
  14  0:28  Probe  
  15  0:29  Pylon  
  15  0:47  Probe  
  16  0:58  Gateway  
  16  0:59  Probe  
  16  1:03  Assimilator  
  17  1:15  Probe, Pylon  
  18  1:29  Probe  
  19  1:43  Probe  
  20  1:47  Assimilator  
  20  2:01  Cybernetics Core  
  20  2:04  Probe  
  21  2:23  Zealot  
  23  2:32  Probe  
  24  2:43  Stargate  
  24  2:48  Pylon  
  24  2:52  Warp Gate  
  24  2:53  Forge  
  24  2:56  Probe  
  25  3:31  Probe  
  26  3:38  Oracle  
  29  3:57  Stargate  
  29  4:01  Photon Cannon  
  29  4:07  Photon Cannon  
  29  4:12  Pylon, Nexus  
  29  4:15  Oracle  
  32  5:11  Probe  
  32  5:12  Void Ray x2  
  33  5:22  Photon Cannon  
  33  5:23  Probe  
  33  5:25  Protoss Air Weapons Level 1  
  33  5:26  Photon Cannon  
  42  5:37  Cybernetics Core  
  42  5:41  Pylon  
  37  6:28  Probe x2  
  39  6:40  Probe x2, Void Ray x2  
  49  6:59  Stargate  
  49  7:08  Pylon  
  49  7:09  Probe x2  
  49  7:11  Assimilator  
  49  7:15  Assimilator  
  51  7:21  Probe  
  52  7:46  Void Ray  
  52  7:47  Void Ray  
  60  7:52  Void Ray  
  64  8:34  Photon Cannon  
  64  8:38  Photon Cannon  
  64  8:40  Probe  
  64  8:41  Photon Cannon  
  64  8:47  Pylon, Void Ray x2  
  72  8:52  Probe  
  73  9:36  Void Ray x2  
  73  9:37  Nexus  
  81  9:49  Probe x2  
  81  9:50  Nexus  
  83  10:01  Probe x2  
  85  10:37  Void Ray  
  85  10:45  Void Ray  
  85  10:48  Void Ray  
  89  11:07  Probe  
  89  11:08  Probe  
  89  11:10  Pylon, Probe  
  92  11:16  Pylon  
  92  11:18  Probe  
  93  11:19  Probe  
  93  11:20  Probe, Void Ray  
  93  11:22  Probe  
  100  11:27  Void Ray  
  100  11:30  Probe  
  105  11:35  Stargate  
  105  11:37  Pylon  
  105  11:52  Probe x4  
  109  12:04  Probe  
  102  12:25  Probe x4  
  102  12:29  Void Ray  
  110  12:30  Void Ray x2  
  110  12:31  Void Ray  
  122  12:41  Protoss Air Armor Level 1  
  122  12:59  Cybernetics Core  
  122  13:01  Probe x4  
  122  13:05  Fleet Beacon  
  126  13:08  Twilight Council  
  126  13:09  Assimilator  
  126  13:10  Assimilator  
  126  13:12  Robotics Facility  
  126  13:13  Probe x3  
  126  13:15  Pylon  
  126  13:19  Void Ray  
  133  13:25  Probe  
  133  13:26  Probe, Void Ray  
  139  13:37  Probe  
  139  13:40  Oracle  
  139  13:49  Probe  
  140  14:09  Void Ray x2  
  148  14:23  Pylon x2  
  148  14:40  Void Ray  
  148  14:41  Probe x4  
  156  14:45  Void Ray  
  160  15:10  Probe x4  
  164  15:17  Assimilator  
  164  15:21  Assimilator  
  164  15:37  Pylon  
  164  15:39  Pylon  
  164  15:55  Void Ray x2  
  172  16:36  Void Ray  
  172  16:37  Void Ray  
  174  17:23  Void Ray  
  178  17:30  Pylon x2  
  178  17:33  Pylon  
  178  17:34  Void Ray  
  178  17:35  Pylon  
  178  17:39  Void Ray  
  178  17:47  Void Ray  
  182  18:14  Nexus  
  182  18:17  Assimilator  
  182  18:21  Assimilator  
  182  18:26  Void Ray x3  
  194  18:38  Protoss Air Weapons Level 2, Protoss Air Armor Level 2  
  194  18:42  Graviton Catapult  
  194  18:44  Blink  
  194  18:52  Protoss Ground Weapons Level 1  
  194  19:38  Pylon  
  194  19:41  Pylon  
Show
View Real Time Build Order
Export as new Build Order

whateverdude Zerg - Winner!

Build Orders: Pool First 

Get SALT Encoding   

  12  0:03  Drone  
  13  0:08  Drone  
  14  0:18  Overlord  
  14  0:38  Drone x3  
  17  0:53  Drone  
  17  0:54  Spawning Pool  
  17  1:06  Drone  
  18  1:17  Hatchery  
  17  1:21  Drone  
  17  1:24  Drone  
  19  1:34  Extractor  
  19  1:39  Drone, Extractor  
  18  1:41  Queen  
  18  1:45  Overlord  
  20  1:55  Drone  
  21  2:10  Drone  
  22  2:19  Drone  
  23  2:23  Lair  
  23  2:27  Drone  
  24  2:31  Drone  
  24  2:35  Queen  
  27  2:40  Drone  
  28  2:48  Spine Crawler  
  27  2:55  Drone x3, Spine Crawler  
  29  3:06  Overlord  
  29  3:07  Drone  
  29  3:09  Drone  
  31  3:21  Spine Crawler  
  30  3:27  Drone x2  
  30  3:28  Hydralisk Den  
  31  3:39  Drone x2  
  33  3:44  Overlord  
  33  3:45  Drone x2  
  35  3:52  Drone x2  
  37  4:01  Grooved Spines  
  37  4:05  Hydralisk  
  39  4:11  Hydralisk  
  39  4:12  Hydralisk  
  39  4:16  Drone  
  44  4:17  Drone  
  44  4:18  Drone  
  46  4:28  Extractor  
  45  4:32  Extractor  
  45  4:34  Hydralisk x3  
  50  4:46  Drone x2, Overlord  
  50  4:47  Overlord  
  52  5:05  Hydralisk x4  
  52  5:06  Hydralisk  
  62  5:12  Muscular Augments  
  62  5:13  Overseer  
  62  5:18  Overseer  
  62  5:22  Hydralisk  
  62  5:23  Hydralisk  
  66  5:33  Hydralisk  
  68  5:36  Overlord x2  
  68  5:37  Overlord  
  48  6:15  Hydralisk x5  
  48  6:16  Hydralisk x3  
  62  6:34  Evolution Chamber  
  59  6:55  Hatchery  
  52  7:23  Hydralisk x6  
  52  7:28  Zerg Missile Weapons Level 1  
  64  7:34  Evolution Chamber  
  63  7:39  Hydralisk x2  
  63  7:40  Hydralisk x4  
  75  7:56  Pneumatized Carapace  
  71  8:00  Zerg Ground Armor Level 1  
  71  8:02  Hydralisk x2  
  65  8:33  Hydralisk x3  
  71  8:45  Drone x3  
  74  8:53  Hatchery  
  53  9:42  Hydralisk  
  53  9:43  Hydralisk x7  
  53  9:44  Hydralisk x5  
  75  9:55  Hydralisk x2  
  79  10:00  Drone  
  79  10:01  Drone x2  
  83  10:07  Drone  
  83  10:14  Queen  
  83  10:18  Drone  
  86  10:22  Queen  
  86  10:26  Overlord  
  88  10:31  Overlord x2  
  88  10:40  Overlord x2  
  88  10:47  Drone  
  88  10:48  Drone x2  
  91  10:52  Drone x3  
  94  10:57  Hydralisk x2  
  98  11:06  Hydralisk x2  
  102  11:13  Overseer  
  102  11:16  Zerg Missile Weapons Level 2  
  102  11:21  Zerg Ground Armor Level 2  
  102  11:31  Hydralisk x3  
  108  11:33  Hydralisk  
  110  11:45  Drone x3  
  113  11:52  Drone x3  
  116  11:59  Hydralisk x4  
  116  12:00  Hydralisk  
  126  12:08  Infestation Pit  
  125  12:13  Hydralisk  
  127  12:16  Overlord x3  
  127  12:18  Overlord  
  127  12:38  Overseer  
  127  12:43  Hydralisk x2  
  127  12:44  Hydralisk x7  
  145  12:53  Hydralisk x2  
  145  12:57  Hive  
  149  13:02  Drone x3  
  149  13:03  Drone x2  
  154  13:12  Overlord x3  
  154  13:13  Drone x2  
  144  14:08  Hydralisk x2  
  144  14:09  Hydralisk x4  
  156  14:16  Hydralisk x3  
  156  14:17  Hydralisk x3  
  168  14:29  Zerg Missile Weapons Level 3  
  168  14:31  Zerg Ground Armor Level 3  
  168  14:32  Hatchery  
  167  14:38  Extractor  
  167  14:42  Extractor, Hydralisk  
  167  14:43  Hydralisk x5  
  177  14:53  Drone x4  
  177  14:54  Drone  
  182  15:01  Extractor  
  182  15:04  Extractor, Overseer x2  
  180  15:24  Hydralisk x2  
  180  15:26  Overlord  
  180  15:27  Overlord x3  
  184  15:28  Hatchery  
  183  15:56  Overseer x2  
  183  16:18  Hydralisk x6  
  195  16:29  Hydralisk  
  195  16:30  Hydralisk  
Show
View Real Time Build Order
Export as new Build Order

Infamous Protoss - Winner!

Build Orders:  

Get SALT Encoding   

  12  0:04  Probe  
  13  0:15  Probe, Pylon  
  14  0:23  Probe  
  15  0:36  Gateway  
  15  0:52  Probe  
  15  0:54  Assimilator  
  16  1:00  Probe  
  16  1:09  Probe  
  18  1:26  Probe  
  18  1:27  Cybernetics Core  
  19  1:38  Probe  
  20  1:46  Gateway  
  19  1:58  Probe  
  20  2:02  Nexus  
  20  2:04  Warp Gate  
  20  2:07  Probe  
  20  2:08  Assimilator  
  20  2:15  Probe  
  21  2:20  Pylon  
  22  2:38  Stalker  
  22  2:41  Stalker  
  22  2:42  Probe  
  27  3:01  Probe  
  27  3:03  Stalker  
  27  3:04  Stalker  
  30  3:18  Probe  
  33  3:25  Robotics Facility  
  33  3:36  Probe x2  
  33  3:40  Pylon  
  35  3:48  Probe  
  36  3:57  Probe  
  36  4:02  Probe, Gateway  
  38  4:04  Gateway  
  38  4:09  Probe  
  39  4:18  Immortal  
  39  4:26  Probe x2  
  39  4:28  Assimilator  
  45  4:32  Assimilator  
  45  4:37  Stalker  
  47  4:51  Pylon  
  47  4:56  Stalker  
  49  5:08  Immortal  
  53  5:18  Stalker x3  
  53  5:19  Stalker  
  61  5:30  Probe  
  61  5:32  Forge  
  62  5:43  Forge  
  62  5:52  Pylon  
  62  5:56  Pylon  
  62  5:58  Pylon, Shield Battery  
  62  6:10  Probe, Immortal  
  65  6:43  Stalker  
  65  6:44  Stalker x3  
  67  6:49  Immortal  
  59  7:32  Immortal  
  63  7:46  Protoss Ground Weapons Level 1  
  63  7:49  Stalker x2  
  63  7:50  Stalker x2  
  71  7:57  Protoss Ground Armor Level 1  
  71  8:04  Probe x2  
  73  8:06  Robotics Facility  
  73  8:15  Robotics Bay  
  73  8:24  Photon Cannon  
  73  8:25  Shield Battery  
  73  8:51  Stalker x3  
  73  8:52  Stalker  
  73  8:55  Immortal  
  85  8:59  Extended Thermal Lance  
  85  9:19  Pylon  
  85  9:20  Pylon  
  85  9:22  Pylon  
  85  9:23  Pylon  
  85  9:36  Immortal  
  85  9:38  Twilight Council  
  89  10:08  Stalker x2  
  89  10:09  Stalker x2  
  89  10:12  Immortal  
  101  10:16  Immortal  
  105  10:46  Stalker  
  105  10:47  Stalker x3  
  71  11:48  Colossus x2  
  61  11:55  Stalker x4  
  61  12:00  Protoss Ground Armor Level 2, Protoss Ground Weapons Level 2  
  73  12:03  Probe x2  
  75  12:15  Blink  
  75  12:36  Colossus x2  
  75  12:37  Stalker x2  
  75  12:38  Stalker x2  
  95  13:02  Stalker x3  
  101  13:37  Nexus  
  101  13:40  Pylon  
  99  14:50  Stalker  
  99  14:51  Stalker x3  
  107  14:54  Colossus x2  
  107  14:58  Probe x2  
  107  14:59  Probe  
  122  15:10  Probe x2  
  124  15:17  Assimilator  
  124  15:20  Stalker x2, Assimilator  
  128  15:28  Protoss Ground Weapons Level 3  
  128  15:29  Protoss Ground Armor Level 3  
  128  16:14  Stalker x4  
  136  16:27  Pylon  
  136  16:29  Pylon  
  136  16:44  Stalker x2  
  136  16:45  Stalker x2  
  144  16:50  Colossus x2  
  152  17:20  Stalker  
  152  17:21  Stalker  
  144  17:55  Stalker x2  
  144  17:56  Stalker x2  
  152  18:11  Pylon  
  152  18:13  Pylon  
  152  18:17  Pylon  
  152  18:20  Pylon  
  152  18:21  Photon Cannon  
  152  18:22  Photon Cannon  
  152  18:24  Photon Cannon  
  152  18:27  Photon Cannon  
  152  18:29  Photon Cannon  
  152  18:30  Photon Cannon  
  152  18:32  Photon Cannon  
  152  18:33  Photon Cannon  
  152  18:35  Photon Cannon  
  152  18:41  Stalker x3  
  156  18:42  Stalker  
  156  18:45  Colossus x2  
  172  19:38  Pylon  
  172  19:39  Pylon  
  172  19:40  Pylon  
  172  19:43  Pylon  
  142  20:52  Nexus  
  142  20:55  Stalker x3  
  142  20:56  Stalker  
Show
View Real Time Build Order
Export as new Build Order

Jackwagon Terran - Winner!

Build Orders:  

Get SALT Encoding   

  12  0:02  SCV  
  13  0:14  SCV  
  14  0:22  Supply Depot  
  14  0:26  SCV  
  15  0:31  Refinery  
  14  0:53  Barracks  
  14  1:08  Barracks  
  14  1:13  SCV  
  15  1:40  Marine  
  16  1:47  Orbital Command  
  16  1:57  Barracks Tech Lab  
  16  1:59  Barracks Reactor  
  14  2:11  Refinery  
  14  2:17  Marine  
  7  2:48  Marine x3  
  9  3:06  SCV  
  8  3:42  SCV  
  8  3:47  Barracks Reactor  
  9  4:12  Factory  
  9  4:15  SCV  
  9  4:25  Marine x2  
  9  4:27  SCV  
  12  4:41  SCV  
  13  4:57  Factory Tech Lab  
  11  5:14  SCV  
  12  5:20  Siege Tank  
  15  5:27  Supply Depot  
  15  5:52  Siege Tank  
  17  6:39  SCV  
  18  6:52  SCV  
  19  7:04  SCV  
  19  7:05  Marine  
  19  7:06  Marine  
  22  7:22  Command Center  
  22  7:49  Starport  
  22  7:50  SCV  
  22  7:51  Engineering Bay  
  23  7:55  Supply Depot  
  23  8:01  Starport  
  23  8:08  SCV  
  22  8:22  SCV  
  23  8:30  Starport Reactor  
  24  8:34  SCV  
  24  8:39  Starport Reactor  
  24  8:47  Missile Turret, Armory  
  24  9:03  SCV  
  19  9:32  Viking x2  
  19  9:33  Viking  
  25  9:38  Terran Ship Weapons Level 1  
  25  9:49  Orbital Command  
  25  10:02  Missile Turret  
  25  10:04  Viking  
  27  10:13  SCV  
  28  10:15  SCV  
  28  10:18  Viking  
  31  10:22  Viking  
  33  10:29  Supply Depot  
  33  10:32  Viking  
  35  10:38  Viking  
  37  10:44  SCV  
  38  10:50  Viking  
  40  10:57  Supply Depot  
  40  10:59  Viking  
  40  11:03  Viking  
  44  11:15  Viking  
  46  11:21  Supply Depot  
  46  11:26  Viking  
  48  11:32  Terran Vehicle And Ship Armor Level 1  
  48  11:37  Viking  
  50  11:44  Viking  
  52  12:03  Viking  
  52  12:04  Viking  
  56  12:16  Viking  
  56  12:19  Viking  
  60  12:41  Viking x2  
  64  12:46  Supply Depot  
  64  12:58  Viking  
  64  13:05  Refinery  
  66  13:15  Viking  
  66  13:16  Viking  
  70  13:38  Viking  
  60  13:59  Viking  
  60  14:00  Viking  
  62  14:24  Terran Ship Weapons Level 2  
  62  14:29  Supply Depot  
  62  14:38  Viking x2  
  64  14:39  Viking  
  64  14:45  Viking  
  70  14:47  SCV, Refinery  
  71  15:10  Viking  
  71  15:11  Viking  
  73  15:46  Viking  
  73  15:47  Viking  
  73  15:49  Viking  
  79  15:51  Viking  
  81  16:49  Viking  
  81  16:50  Marine, Viking  
  86  16:55  Marine, Viking  
  89  17:08  Marine  
Tags
 
Add a new tag
Caveats
  • Supply blocks, unpowered buildings, or Contaminate may cause inaccurate times.
  • Supply counts are checked every 10 seconds.